 Dungeon Crawl Stone Soup version 0.30-a0-782-ge64f9170bb (webtiles) character file.

Game seed: 6785086724446917012

10811 kae the Transmogrifier (level 11, -5/84 HPs)
             Began as a Naga Transmuter on Mar 14, 2023.
             Was the Champion of Cheibriados.
             Slain by a basilisk (10 damage)
             ... on level 12 of the Dungeon.
             The game lasted 00:10:59 (12338 turns).

kae the Transmogrifier (Naga Transmuter)           Turns: 12338, Time: 00:10:59

Health: -5/84      AC:  5    Str: 27    XL:     11   Next: 67%
Magic:  20/21      EV: 16    Int: 33    God:    Cheibriados [******]
Gold:   475        SH:  0    Dex: 33    Spells: 9/24 levels left

rFire   . . .      SeeInvis +      - Unarmed
rCold   . . .      Faith    .    (shield currently unavailable)
rNeg    . . .      Spirit   .    n - +1 robe {Will+}
rPois   +          Reflect  .    (no helmet)
rElec   .          Harm     .    (no cloak)
rCorr   .          Rampage  .    (gloves currently unavailable)
Will    ++...                    (no barding)
Stlth   ++                       A - amulet of the acrobat
HPRegen 0.34/turn                B - ring "Luaw" {Fly Dex+6}
MPRegen 0.17/turn                E - +5 ring of evasion

@: blade hands, flying, very slow
A: AC +3, large, see invisible, deformed body, poison resistance, slowness 2,
spit poison 1, naga tail 1
a: Spit Poison, End Transformation, Renounce Religion, Bend Time, Temporal
Distortion, Slouch, Step From Time


You were on level 12 of the Dungeon.
You worshipped Cheibriados.
Cheibriados was exalted by your worship.
You had blades for hands.
You visited 2 branches of the dungeon, and saw 13 of its levels.
You also visited: Ossuary.

You collected 617 gold pieces.
You spent 142 gold pieces at shops.


Innate Abilities, Weirdness & Mutations

You have blades for hands.
Your spellcasting is less reliable in this form.
You are incapable of wielding weapons or throwing items.
Your serpentine skin is tough. (AC +3)
You have supernaturally acute eyesight. (SInv)
Armour fits poorly on your strangely shaped body.
Your system is resistant to poisons. (rPois)
You cover ground very slowly.
You can spit poison.
You have a snake-like lower body.


   Skills:
 - Level 1.0 Fighting
 - Level 1.5 Dodging
 + Level 8.2 Unarmed Combat
 + Level 7.2 Spellcasting
 * Level 11.0 Transmutations
 - Level 6.0 Ice Magic
 - Level 4.3 Poison Magic
 + Level 7.6 Invocations


You had 9 spell levels left.
You knew the following spells:

 Your Spells              Type           Power      Damage    Failure   Level
a - Beastly Appendage     Tmut           100%       N/A       5%          1
b - Wereblood             Tmut           71%        N/A       6%          2
c - Spider Form           Tmut/Pois      58%        N/A       12%         3
d - Ice Form              Ice/Tmut       62%        N/A       16%         4
e - Blade Hands           Tmut           35%        N/A       16%         5

Your spell library contained the following spells:

 Spells                   Type           Power      Damage    Failure   Level
 Freeze                   Ice            100%       1d10      10%         1
 Passwall                 Tmut/Erth      40%        N/A       12%         2
 Frozen Ramparts          Ice            100%       1d16      16%         3
 Poisonous Vapours        Pois/Air       52%        N/A       22%         2
 Cigotuvi's Dreadful Rot  Necr/Pois/Air  42%        N/A       26%         2
 Hailstorm                Conj/Ice       31%        3d8       26%         3
 Apportation              Tloc           24%        N/A       28%         1
 Kiss of Death            Conj/Necr      48%        2d9       28%         1
 Magic Dart               Conj           48%        1d5       28%         1
 Necrotise                Necr           48%        1d6       28%         1
 Sandblast                Erth           24%        2d8       28%         1
 Summon Small Mammal      Summ           48%        N/A       28%         1
 Scorch                   Fire           24%        2d6       36%         2
 Searing Ray              Conj           24%        2d5       36%         2
 Mephitic Cloud           Conj/Pois/Air  21%        N/A       36%         3
 Summon Ice Beast         Ice/Summ       31%        N/A       47%         4
 Yara's Violent Unravell  Hex/Tmut       24%        3d11      47%         5
 Call Canine Familiar     Summ           12%        N/A       50%         3
 Confusing Touch          Hex            12%        N/A       50%         3
 Portal Projectile        Hex/Tloc       24%        N/A       50%         3
 Stone Arrow              Conj/Erth      24%        3d8       50%         3
 Summon Guardian Golem    Hex/Summ       12%        N/A       50%         3
 Tukima's Dance           Hex            12%        N/A       50%         3
 Dispel Undead            Necr           12%        3d9       78%         4
 Flame Wave               Conj/Fire      12%        2d6       78%         4
 Fulminant Prism          Conj/Hex       6%         3d6       78%         4
 Leda's Liquefaction      Hex/Erth       6%         N/A       78%         4
 Passage of Golubria      Tloc           12%        N/A       78%         4
 Summon Cactus Giant      Summ           6%         N/A       100%        6

Inventory:

Hand Weapons
 g - a +1 whip of electrocution
   (You took it off a kobold on level 1 of the Dungeon)
Missiles
 e - 117 stones
 p - 5 javelins
 s - 11 poisoned darts
 I - 9 boomerangs
 J - 3 throwing nets {=f!f}
 M - a curare-tipped dart {=f}
Armour
 a - a +0 robe
 n - a +1 robe of willpower (worn)
   (You found it on level 5 of the Dungeon)
 r - a +0 pair of gloves (melded)
   (You found it on level 3 of the Dungeon)
Magical Staves
 F - a staff of earth {!a}
   (You found it on level 6 of the Dungeon)
 H - a staff of cold (melded) {!a}
   (You found it on level 5 of the Dungeon)
Jewellery
 v - a ring of see invisible
   (You found it on level 4 of the Dungeon)
 A - an amulet of the acrobat (around neck)
   (You found it on level 4 of the Dungeon)
 B - the ring "Luaw" (left blade hand) {Fly Dex+6}
   (You found it in an ossuary)

   [ring of flight]

   Dex:       It affects your dexterity (+6).
   Fly:       It grants you flight.
 E - a +5 ring of evasion (right blade hand)
   (You found it on level 5 of the Dungeon)
 N - a ring of positive energy
   (You found it on level 12 of the Dungeon)
Wands
 j - a wand of charming (18)
   (You found it on level 4 of the Dungeon)
 u - a wand of iceblast (7)
   (You found it on level 3 of the Dungeon)
Scrolls
 c - 3 scrolls of blinking {!r}
 h - 10 scrolls of teleportation {@r4}
 l - 4 scrolls of fear
 t - 2 scrolls of vulnerability {!r!r}
 x - 3 scrolls of poison
 y - 3 scrolls of magic mapping {!r}
 C - a scroll of fog
 O - 5 scrolls of identify {@r1}
 P - a scroll of acquirement {unknown}
 Q - a scroll of enchant weapon
Potions
 b - 2 potions of lignification {!q}
 d - 3 potions of degeneration {!q}
 f - 5 potions of brilliance
 i - 3 potions of curing {@q1}
 k - 3 potions of cancellation
 m - 2 potions of berserk rage {!q}
 o - 3 potions of heal wounds {@q2}
 q - a potion of haste {forbidden@q3}
 w - a potion of might
 z - 2 potions of mutation {!q}
 D - 3 potions of attraction {!q}
 G - 2 potions of flight
 K - 2 potions of resistance
 L - 2 potions of magic

Dungeon Overview and Level Annotations

Branches:
Dungeon (12/15) Zot: 39748  Temple (1/1) D:4 Zot: 8945    Lair (0/5) D:9
    Orc (0/2) D:9         Ossuary (visited)

Altars:
Ashenzari
Cheibriados
Dithmenos
Elyvilon
Fedhas
Hepliaklqana
Kikubaaqudgha
Makhleb
Nemelex Xobeh
Okawaru
Qazlal
Sif Muna
Trog
Uskayaw
Vehumet
Wu Jian
Xom
Yredelemnul
Zin
The Shining One

Shops:
D:1 *[?!*   D:10 ?

Annotations:
Temple 2 transporters

############
#...........
#...........
........... ####
#.......... ###
##...##.......... ..##
#.......§Kl..# ...#
#.......)@§..## ...#
#.......)§....# ...#
#........§....# ...#
#.............# ...#
#.............#
..#######...##.......#
#'#..#.#######......##
....#.......#.......##
....+.......#........#


You could see a basilisk and a kobold.


Message History

The hellwing hits you but does no damage.
The kobold closely misses you.
The kobold demonologist mumbles some strange words.
The wraith closely misses you. 😕 HP[-9] MP[+1]
You take 9 damage, and now have 70/84 hp.
You slice the wraith!!
You destroy the wraith!
Cheibriados thoroughly appreciates the change of pace.
The hellwing barely misses you.
The hellwing hits you but does no damage.
The kobold brigand hits you with a +0 whip!
The kobold barely misses you. The hellwing barely misses you.
The hellwing misses you. 😮 HP[-10]
You take 10 damage, and now have 60/84 hp.
Unknown command.
You hit the kobold demonologist. The kobold brigand closely misses you.
The kobold closely misses you.
The kobold demonologist casts a spell.
The hellwing misses you.
The hellwing closely misses you. 😮 HP[+1] Unknown command.
You hit the kobold demonologist. You slash the kobold demonologist!
The kobold hits you with a +0 short sword.
The kobold brigand closely misses you.
The kobold demonologist hits you with a +0 dagger.
The hellwing misses you. The hellwing hits you.
The kobold brigand barely misses you. 😮 HP[-6]
You take 6 damage, and now have 55/84 hp.
You feel yourself speed up. The kobold completely misses you.
The kobold demonologist completely misses you.
The kobold brigand completely misses you.
The basilisk barely misses you. The ice devil completely misses you.
The hellwing completely misses you. The hellwing misses you.
The iron imp completely misses you.
The basilisk bites you but does no damage.
The kobold brigand completely misses you.
The kobold completely misses you.
The kobold demonologist barely misses you.
The ice devil hits you. The ice devil freezes you!
* * * LOW HITPOINT WARNING * * *
The hellwing completely misses you. The hellwing misses you.
The iron imp misses you.
The kobold demonologist completely misses you.
The basilisk misses you. The kobold misses you.
The kobold brigand closely misses you. The ice devil completely misses you.
The hellwing hits you.
* * * LOW HITPOINT WARNING * * *
The hellwing misses you. The iron imp completely misses you.
The kobold brigand closely misses you.
The kobold demonologist mumbles some strange words.
The basilisk gazes at you. You resist with almost no effort.
The kobold completely misses you. The ice devil hits you.
* * * LOW HITPOINT WARNING * * *
The ice devil freezes you!
* * * LOW HITPOINT WARNING * * *
😱 HP[-35] MP[+1]
You take 35 damage, and now have 20/84 hp.
MASSIVE DAMAGE!! (PAUSE)
You closely miss the kobold demonologist.
The hellwing misses you. The hellwing hits you.
* * * LOW HITPOINT WARNING * * *
The kobold barely misses you.
The kobold brigand hits you with a +0 whip.
* * * LOW HITPOINT WARNING * * *
The kobold demonologist casts a cantrip, but nothing happens.
The basilisk gazes at you. You resist with almost no effort.
The iron imp hits you!
* * * LOW HITPOINT WARNING * * *
😱 HP[-15]
You take 15 damage, and now have 5/84 hp.
Unknown command.
You hit the kobold demonologist. The ice devil closely misses you.
The hellwing barely misses you. The hellwing closely misses you.
The kobold hits you but does no damage. The kobold demonologist misses you.
The basilisk gazes at you. You resist with almost no effort.
The kobold brigand hits you with a +0 whip.
* * * LOW HITPOINT WARNING * * *
😱 HP[-1]
You take 1 damage, and now have 4/84 hp.
Unknown command.
You slice the kobold demonologist!!
You kill the kobold demonologist!
Cheibriados appreciates the change of pace.
The hellwing disappears in a puff of smoke!
The ice devil disappears in a puff of smoke!
The iron imp disappears in a puff of smoke!
The rust devil disappears in a puff of smoke!
Your Transmutations skill increases to level 11!
Unknown command.
You slice the kobold brigand!!
You kill the kobold brigand!
Cheibriados thoroughly appreciates the change of pace.
The kobold hits you but does no damage. The basilisk bites you!
You die...

Skill      XL: |  1  2  3  4  5  6  7  8  9 10 11 |
---------------+----------------------------------+-----
Poison Magic   | 1 2 4 |  4.3
Transmutations | 3 4 5 6 7 9 11 | 11.0
Unarmed Combat | 4 5 6 7 8 |  8.2
Spellcasting   | 3 4 5 6 7 |  7.2
Ice Magic      | 2 4 6 |  6.0
Invocations    | 1 3 4 6 7 |  7.6
Fighting       | |  1.0
Dodging        | |  1.5

Action                     |  1- 3 |  4- 6 |  7- 9 | 10-12 || total
---------------------------+-------+-------+-------+-------++-------
  Melee: Unarmed           |    79 |   125 |   287 |   179 ||   670
         Headbutt          |     4 |     9 |       |       ||    13
         Whip              |    42 |   117 |       |       ||   159
         Punch             |     2 |     3 |       |     3 ||     8
   Cast: Beastly Appendage |    20 |    16 |       |       ||    36
         Spider Form       |     4 |    13 |    13 |       ||    30
         Wereblood         |     1 |     4 |     8 |     6 ||    19
         Ice Form          |       |       |    32 |    11 ||    43
         Blade Hands       |       |       |       |     4 ||     4
Ability: Spit Poison       |     2 |       |       |     1 ||     3
         End Transformatio |       |       |     2 |       ||     2
  Evoke: Wand              |       |       |       |     6 ||     6
    Use: Scroll            |     1 |    15 |     4 |     4 ||    24
         Potion            |       |     1 |     1 |       ||     2
   Stab: Sleeping          |     1 |     2 |     4 |       ||     7
 Armour: Robe              |    22 |    48 |     5 |     8 ||    83
         Skin              |     2 |    26 |    55 |    34 ||   117
  Dodge: Dodged            |    77 |   163 |   295 |   187 ||   722

Levels and vault maps discovered:
D:1:      amcnicky_arrival_flooded_fountain, layout_basic,
          shapermc_ecumenical_altar_ellora, serial_shops, nicolae_square_shop,
          nicolae_square_shop, nicolae_shop_hallway_stairs, shop,
          nicolae_lakefront_shop
D:2:      layout_basic, uniq_robin
D:3:      layout_basic, makhleb_altar_promises_db
D:4:      minmay_goblin_kobold_castle, layout_basic,
          minmay_temple_entry_butterflies, chequers_ossuary_entry_cave
D:5:      layout_gridville
D:6:      layout_rooms, hex_large, minivault_23
D:7:      layout_layer_cave, minmay_misc_feat_pillars, uniq_maggie
D:8:      layout_rooms, st_stairs_6, nicolae_figureground_sparkle
D:9:      layout_basic, erik_lair_dragon, david_orc_3
D:10:     layout_basic, mainiacjoe_overflow_catch_the_wave, serial_shops,
          shop_statue, uniq_grum
D:11:     layout_roguey, uniq_erolcha, uniq_psyche, uniq_erica
D:12:     layout_gridville
Temple:   hellmonk_temple_divided_pantheon

Notes
Turn   | Place    | Note
-------+----------+-------------------------------------------
     0 | D:1      | kae the Naga Transmuter began the quest for the Orb.
     0 | D:1      | Reached XP level 1. HP: 18/18 MP: 3/3
     0 | D:1      | magus.rc [v1.11.3]
   197 | D:1      | Reached XP level 2. HP: 25/25 MP: 3/5
   225 | D:1      | Found Bokar's Distillery.
   233 | D:1      | Bought a potion of degeneration for 14 gold pieces
   293 | D:1      | Found Dodopt's Magic Scroll Boutique.
   545 | D:1      | Found Qudex's Antique Armour Emporium.
   782 | D:1      | Found Jeodduas's Assorted Antiques.
   791 | D:1      | Bought a scroll labelled GOIDYU SEOHA for 26 gold pieces
   842 | D:1      | You pick up a book of Vapours and begin reading...
   842 | D:1      | You add the spells Poisonous Vapours, Cigotuvi's Dreadful
                  | Rot and Mephitic Cloud to your library.
   850 | D:1      | Found a faded altar of an unknown god.
  1021 | D:1      | Found Efasouko's Assorted Antiques.
  1083 | D:1      | Reached XP level 3. HP: 15/31 MP: 6/6
  1147 | D:1      | Learned a level 2 spell: Wereblood
  1151 | D:1      | Learned a level 3 spell: Spider Form
  1194 | D:2      | You pick up a book of Frost and begin reading...
  1194 | D:2      | You add the spells Freeze, Frozen Ramparts and Hailstorm to
                  | your library.
  1461 | D:2      | Noticed Robin
  1474 | D:2      | Reached skill level 1 in Poison Magic
  1478 | D:2      | Killed Robin
  1479 | D:2      | Reached skill level 3 in Transmutations
  1576 | D:2      | Reached XP level 4. HP: 38/38 MP: 3/7
  1767 | D:2      | You pick up a book of Cantrips and begin reading...
  1767 | D:2      | You add the spells Necrotise, Summon Small Mammal and
                  | Apportation to your library.
  2221 | D:3      | Reached skill level 2 in Poison Magic
  2289 | D:3      | Found a burning altar of Makhleb.
  2289 | D:3      | Noticed a green death
  2636 | D:3      | Reached XP level 5. HP: 44/44 MP: 6/8
  3027 | D:1      | Bought a glowing coppery potion for 24 gold pieces
  3027 | D:1      | Bought a red potion for 24 gold pieces
  3027 | D:1      | Bought a scroll labelled MUEGUE ACUO for 27 gold pieces
  3027 | D:1      | Bought a scroll labelled GUPISY META for 27 gold pieces
  3310 | D:4      | Found a staircase to the Ecumenical Temple.
  3323 | Temple   | Entered the Ecumenical Temple
  3323 | Temple   | Found a transporter.
  3323 | Temple   | Found a transporter.
  3325 | Temple   | Found a transporter.
  3325 | Temple   | Found a transporter.
  3336 | Temple   | Became a worshipper of Cheibriados the Contemplative
  3366 | D:4      | Found a sand-covered staircase.
  3375 | Ossuary  | Entered an ossuary
  3375 | Ossuary  | Noticed a wraith
  3375 | Ossuary  | Noticed a wraith
  3375 | Ossuary  | Noticed a wraith
  3677 | Ossuary  | Reached skill level 3 in Poison Magic
  3776 | Ossuary  | Noticed a wraith
  3798 | Ossuary  | Killed a wraith
  3799 | Ossuary  | Reached skill level 4 in Unarmed Combat
  3799 | Ossuary  | Reached skill level 3 in Spellcasting
  3799 | Ossuary  | Reached skill level 4 in Transmutations
  3799 | Ossuary  | Reached skill level 4 in Poison Magic
  3799 | Ossuary  | Reached XP level 6. HP: 51/51 MP: 10/10
  3871 | Ossuary  | Identified the ring "Luaw" {Fly Dex+6}
  4088 | D:4      | Reached * piety under Cheibriados
  4291 | D:4      | Reached ** piety under Cheibriados
  4302 | D:4      | Learned a level 4 spell: Ice Form
  4430 | D:4      | Reached XP level 7. HP: 33/57 MP: 6/11
  4615 | D:4      | Reached *** piety under Cheibriados
  4772 | D:4      | Reached skill level 1 in Ice Magic
  4772 | D:4      | Reached skill level 1 in Invocations
  4917 | D:4      | You pick up a book of Callings and begin reading...
  4917 | D:4      | You add the spells Call Canine Familiar and Summon Guardian
                  | Golem to your library.
  5614 | D:5      | Entered Level 5 of the Dungeon
  5737 | D:5      | Reached skill level 5 in Transmutations
  5745 | D:5      | Reached skill level 2 in Ice Magic
  5887 | D:5      | HP: 17/68 [gnoll bouda/+0 war axe (9)]
  5888 | D:5      | Reached **** piety under Cheibriados
  5892 | D:5      | HP: 7/68 [gnoll/+0 spear[a gnoll bouda] (3)]
  5895 | D:5      | Reached XP level 8. HP: 6/64 MP: 7/13
  6103 | D:5      | Reached skill level 2 in Invocations
  6225 | D:5      | Reached skill level 3 in Ice Magic
  6496 | D:6      | Reached skill level 4 in Spellcasting
  6757 | D:6      | Reached skill level 5 in Unarmed Combat
  6788 | D:6      | You pick up a book of Scorching and begin reading...
  6788 | D:6      | You add the spells Scorch, Flame Wave and Summon Cactus
                  | Giant to your library.
  6845 | D:6      | Reached skill level 6 in Transmutations
  6923 | D:6      | Reached skill level 3 in Invocations
  6944 | D:6      | You pick up a book of Conjurations and begin reading...
  6944 | D:6      | You add the spells Magic Dart, Searing Ray and Fulminant
                  | Prism to your library.
  7093 | D:7      | Reached skill level 4 in Ice Magic
  7228 | D:7      | Noticed Maggie
  7520 | D:7      | Reached XP level 9. HP: 63/70 MP: 11/15
  7587 | D:7      | You pick up a book of the Hunter and begin reading...
  7587 | D:7      | You add the spells Portal Projectile and Leda's
                  | Liquefaction to your library.
  7646 | D:7      | Reached ***** piety under Cheibriados
  8417 | D:7      | Reached skill level 5 in Ice Magic
  8651 | D:7      | Killed Maggie
  8652 | D:7      | Reached skill level 7 in Transmutations
  8652 | D:7      | Reached skill level 4 in Invocations
  8793 | D:8      | You pick up a book of Weapons and begin reading...
  8793 | D:8      | You add the spells Tukima's Dance and Blade Hands to your
                  | library.
  8981 | D:8      | You pick up a book of Geomancy and begin reading...
  8981 | D:8      | You add the spells Sandblast, Passwall and Stone Arrow to
                  | your library.
  9010 | D:8      | Reached skill level 5 in Spellcasting
  9202 | D:8      | Learned a level 5 spell: Blade Hands
  9266 | D:8      | You pick up a book of Rime and begin reading...
  9315 | D:8      | Reached skill level 6 in Ice Magic
  9317 | D:8      | Reached skill level 6 in Unarmed Combat
  9533 | D:9      | Reached XP level 10. HP: 78/78 MP: 14/17
  9541 | D:9      | Reached skill level 8 in Transmutations
  9548 | D:9      | Reached skill level 5 in Invocations
  9607 | D:9      | Found a staircase to the Orcish Mines.
  9999 | D:9      | Reached skill level 6 in Spellcasting
  9999 | D:9      | Reached skill level 9 in Transmutations
 10014 | D:9      | Reached skill level 6 in Invocations
 10021 | D:9      | Reached skill level 7 in Unarmed Combat
 10218 | D:9      | Found a staircase to the Lair.
 10398 | D:10     | Entered Level 10 of the Dungeon
 10505 | D:10     | Found a glowing silver altar of Zin.
 10533 | D:10     | Reached XP level 11. HP: 58/84 MP: 18/20
 10746 | D:10     | Noticed a two-headed ogre
 10754 | D:10     | HP: 23/100 [two-headed ogre/+0 giant club (26)]
 10755 | D:10     | Killed a two-headed ogre
 10756 | D:10     | Reached skill level 10 in Transmutations
 10765 | D:10     | HP: 22/100 [orc warrior/+0 mace (8)]
 11025 | D:10     | Noticed a two-headed ogre
 11034 | D:10     | Killed a two-headed ogre
 11035 | D:10     | Reached skill level 7 in Invocations
 11061 | D:10     | Found a radiant altar of Vehumet.
 11184 | D:10     | Found Gelautt's Magic Scroll Emporium.
 11217 | D:10     | You pick up a book of Touch and begin reading...
 11217 | D:10     | You add the spells Kiss of Death, Confusing Touch and
                  | Dispel Undead to your library.
 11219 | D:10     | You pick up a book of Callings and begin reading...
 11410 | D:10     | Noticed Grum
 11414 | D:10     | Killed Grum
 11422 | D:10     | Reached ****** piety under Cheibriados
 11597 | D:11     | Noticed Psyche
 11597 | D:11     | Noticed a boulder beetle
 11614 | D:10     | Killed a boulder beetle
 11615 | D:10     | Reached skill level 7 in Spellcasting
 11825 | D:11     | Killed Psyche
 11826 | D:11     | Reached skill level 8 in Unarmed Combat
 11849 | D:11     | You are sucked into a shaft and drop 1 floor!
 11896 | D:12     | You add the spells Passage of Golubria and Yara's Violent
                  | Unravelling to your library.
 12080 | D:12     | HP: 20/84 [slime creature (5)]
 12081 | D:12     | HP: 3/84 [slime creature (17)]
 12334 | D:12     | HP: 20/84 [ice devil[a kobold demonologist] (12)]
 12335 | D:12     | HP: 5/84 [iron imp[a kobold demonologist] (9)]
 12338 | D:12     | Reached skill level 11 in Transmutations
 12338 | D:12     | Slain by a basilisk

Vanquished Creatures
  A boulder beetle (D:10)
  2 two-headed ogres (D:10)
  Maggie (D:7)
  A kobold demonologist (D:12)
  Psyche (D:11)
  2 komodo dragons (D:9)
  2 trolls
  5 slime creatures (D:12)
  3 wraiths
  A basilisk (D:9)
  A wyvern (D:9)
  11 yaks
  Grum (D:10)
  A steam dragon (D:9)
  An acid dragon (D:12)
  A water moccasin (D:8)
  5 orc warriors
  2 sky beasts
  5 centaurs
  3 wolves (D:10)
  2 kobold brigands
  2 necrophages
  4 scorpions
  A bullfrog (D:9)
  A gnoll sergeant (D:9)
  5 wights (D:7)
  5 killer bees (D:9)
  6 howler monkeys
  4 hounds
  A jelly (D:8)
  6 orc priests
  3 gnoll boudas
  3 iguanas
  6 orc wizards
  3 mummies (Ossuary)
  Robin (D:2)
  23 gnolls
  6 adders
  A shadow imp (D:6)
  A white imp (D:6)
  2 worms (D:2)
  2 dart slugs
  30 orcs
  3 bats
  An endoplasm (D:3)
  6 giant cockroaches
  37 goblins
  34 hobgoblins
  3 quokkas
  9 ball pythons
  4 frilled lizards
  4 gnoll zombies (Ossuary)
  A goblin zombie (Ossuary)
  3 hobgoblin zombies (Ossuary)
  14 kobolds
  6 kobold zombies (Ossuary)
  An orc zombie (Ossuary)
  7 rats
301 creatures vanquished.

Table legend:
 A = Non-vault XP
 B = Vault XP
 C = Vault XP percentage of total XP
 D = Non-vault monster count
 E = Vault monster count
 F = Vault count percentage of total count
                 A         B        C        D         E       F
            +---------+---------+-------+---------+---------+-------
      Total |   12015 |    3525 |  22.7 |     198 |     103 |  34.2
            +---------+---------+-------+---------+---------+-------
        D:1 |      34 |       0 |   0.0 |      21 |       0 |   0.0
        D:2 |      25 |      27 |  51.9 |      14 |       7 |  33.3
        D:3 |      86 |       0 |   0.0 |      22 |       0 |   0.0
        D:4 |     227 |     176 |  43.7 |      14 |      60 |  81.1
        D:5 |     682 |       0 |   0.0 |      25 |       0 |   0.0
        D:6 |     381 |       0 |   0.0 |      12 |       0 |   0.0
        D:7 |    1032 |     398 |  27.8 |      22 |       1 |   4.3
        D:8 |     918 |     118 |  11.4 |      17 |       1 |   5.6
        D:9 |    2251 |    1605 |  41.6 |      21 |      10 |  32.3
       D:10 |    4387 |     533 |  10.8 |      20 |       4 |  16.7
       D:11 |       0 |     383 | 100.0 |       0 |       1 | 100.0
       D:12 |    1992 |       0 |   0.0 |      10 |       0 |   0.0
    Ossuary |       0 |     285 | 100.0 |       0 |      19 | 100.0
            +---------+---------+-------+---------+---------+-------

Illustrated notes

Table legend:
 A = Kills in this place as a percentage of kills in entire the game.
 B = Kills by you in this place as a percentage of kills by you in the entire game.
 C = Kills by friends in this place as a percentage of kills by friends in the entire game.
 D = Other kills in this place as a percentage of other kills in the entire game.
 E = Experience gained in this place as a percentage of experience gained in the entire game.
 F = Experience gained in this place divided by the number of levels of this place that you have seen.
                   A       B       C       D       E      F
               +-------+-------+-------+-------+-------+----------------------
         Total | 100.0 | 100.0 |   N/A |   N/A | 100.0 | 1110.0
       Dungeon |  93.7 |  93.7 |   N/A |   N/A |  98.2 | 1271.2
       Ossuary |   6.3 |   6.3 |   N/A |   N/A |   1.8 | 285.0
               +-------+-------+-------+-------+-------+----------------------

Table legend: (Time is in decaauts)
 A = Elapsed time spent in this place.
 B = Non-inter-level travel time spent in this place.
 C = Inter-level travel time spent in this place.
 D = Time resting spent in this place.
 E = Time spent auto-exploring this place.
 F = Levels seen in this place.
 G = Mean time per level.
                   A        B        C        D        E       F      G
               +--------+--------+--------+--------+--------+-----+--------+
         Total |  20274 |  19454 |    820 |    258 |  16724 |  14 | 1448.1 |
       Dungeon |  19401 |  18581 |    820 |    241 |  16156 |  12 | 1616.8 |
        Temple |     45 |     45 |      0 |      0 |      0 |   1 |   45.0 |
       Ossuary |    827 |    827 |      0 |     17 |    567 |   1 |  827.0 |
               +--------+--------+--------+--------+--------+-----+--------+

Top non-repeatable levels by time:
     D:7: 3406 daAuts
     D:4: 2730 daAuts
    D:10: 2661 daAuts
     D:9: 1711 daAuts
     D:1: 1564 daAuts
     D:8: 1415 daAuts
     D:5: 1398 daAuts
     D:3: 1352 daAuts
     D:2: 1350 daAuts
     D:6: 1006 daAuts
 Ossuary: 827 daAuts
    D:12: 750 daAuts
    D:11: 54 daAuts
  Temple: 45 daAuts
